 Dungeon Crawl Stone Soup version 0.25-a0-458-g6fc7858b95 (webtiles) character file.

Game seed: 713183895187847167, levelgen mode: deterministic

44 BeastOfSaturn the Stinger (level 3, 0/28 HPs)
             Began as a Naga Venom Mage on Feb 2, 2020.
             Slain by a gnoll
             ... wielding a +0 halberd
              (8 damage)
             ... on level 2 of the Dungeon.
             The game lasted 00:07:14 (1358 turns).

BeastOfSaturn the Stinger (Naga Venom Mage)         Turns: 1358, Time: 00:07:15

Health: 0/28       AC:  3    Str: 10    XL:     3   Next: 60%
Magic:  2/6        EV: 10    Int: 18    God:
Gold:   19         SH:  0    Dex: 12    Spells: 3/6 levels left

rFire    . . .     SeeInvis +   j - +2 dagger (venom)
rCold    . . .     Gourm    .   (no shield)
rNeg     . . .     Faith    .   a - +0 robe
rPois    +         Spirit   .   i - +0 hat
rElec    .         Reflect  .   (no cloak)
rCorr    .         Harm     .   h - +0 pair of gloves
MR       .....                  (no barding)
Stlth    ++........             (no amulet)
HPRegen  0.09/turn              l - +3 ring of intelligence
MPRegen  0.10/turn              (no ring)

@: very slow
A: large, see invisible, deformed body, poison resistance, slowness 2, slow
metabolism 1, spit poison 1, AC +1
a: Spit Poison


You were on level 2 of the Dungeon.
You were not hungry.

You visited 1 branch of the dungeon, and saw 2 of its levels.

You collected 19 gold pieces.

Inventory:

Hand Weapons
 j - a +2 dagger of venom (weapon)
Armour
 a - a +0 robe (worn)
 h - a +0 pair of gloves (worn)
 i - a +0 hat (worn)
Jewellery
 l - a +3 ring of intelligence (left hand)
Scrolls
 b - a scroll of remove curse
 e - 2 scrolls of identify {unknown}
 k - a scroll of fear {unknown}
 m - 2 scrolls of enchant weapon {unknown}
Potions
 d - a potion of resistance {unknown}
 f - a potion of degeneration {unknown}
 g - 2 potions of curing {unknown}
Comestibles
 c - 2 rations


   Skills:
 + Level 0.1 Short Blades
 * Level 1.2 Armour
 + Level 1.7 Dodging
 + Level 3.0 Stealth
 + Level 2.2 Spellcasting
 + Level 1.2 Transmutations
 + Level 0.3 Air Magic
 + Level 4.7 Poison Magic


You had 3 spell levels left.
You knew the following spells:

 Your Spells              Type           Power        Failure   Level  Hunger
a - Sting                 Tmut/Pois      ##..         5%          1    #......
b - Poisonous Vapours     Pois/Air       ##....       10%         2    ##.....

Your spell library contained the following spells:

 Spells                   Type           Power        Failure   Level  Hunger
 Ignite Poison            Fire/Tmut/Pois #.......     24%         3    ###....
 Mephitic Cloud           Conj/Pois/Air  #.......     26%         3    ###....
 Olgreb's Toxic Radiance  Pois           ###.....     26%         4    #####..


Dungeon Overview and Level Annotations

Branches:
Dungeon (2/15)

Altars:
Nemelex Xobeh


Innate Abilities, Weirdness & Mutations

You cannot wear boots.
Your serpentine skin is tough. (AC +1)
You have supernaturally acute eyesight. (SInv)
Armour fits poorly on your strangely shaped body.
Your system is resistant to poisons. (rPois)
You cover ground very slowly.
You have a slow metabolism.
You can spit poison.


Message History

Aim: a gnoll, wielding a +0 whip The splash of poison hits the gnoll.
The gnoll is lightly wounded.
You feel slightly more hungry.
You hit the gnoll.
The gnoll is poisoned.
The gnoll is moderately wounded.
The gnoll barely misses you.
You hit the gnoll.
The gnoll looks as sick as possible!
The gnoll is heavily wounded.
The gnoll hits you from afar with a +0 halberd!
The gnoll closely misses you.
You closely miss the gnoll.
The gnoll is severely wounded.
You kill the gnoll!
The gnoll hits you from afar with a +0 halberd!
* * * LOW HITPOINT WARNING * * *
The gnoll throws a throwing net.
The throwing net closely misses you.
You have got your breath back.
The gnoll hits you from afar with a +0 halberd!
You die...

#.# #.##.#.# #.# #
#.#.# #)# ##....
#)# #....# #.#
#.#### #.# #.####
#g# #..... #.#
###### #@# #.#
#.###### #(#
#....... #.#
........
#.###############.
#..............†..
#########.#######.
### ##


You could see a gnoll.

Vanquished Creatures
  2 gnolls (D:2)
  A dart slug (D:1)
  6 goblins
  A hobgoblin (D:1)
  4 jackals (D:2)
  2 kobolds (D:1)
  2 bats
  A frilled lizard (D:2)
  2 rats (D:1)
21 creatures vanquished.

Notes
Turn   | Place    | Note
-------+----------+-------------------------------------------
     0 | D:1      | BeastOfSaturn the Naga Venom Mage began the quest for the
                  | Orb.
     0 | D:1      | Reached XP level 1. HP: 15/15 MP: 3/3
   352 | D:1      | Reached XP level 2. HP: 17/22 MP: 3/5
   422 | D:1      | Learned a level 2 spell: Poisonous Vapours
   654 | D:1      | Found a sparkling altar of Nemelex Xobeh.
  1174 | D:2      | Reached skill level 1 in Armour
  1350 | D:2      | Reached XP level 3. HP: 28/28 MP: 1/6
  1358 | D:2      | Slain by a gnoll

Levels and vault maps discovered:
D:1:      noname_arrival_rooms_in_the_neighbourhood, layout_loops_ring,
          nemelex_diamond_rough_becter
D:2:      layout_basic

Skill      XL: |  1  2 |
---------------+-------+-----
Armour         | 1 |  1.2
Short Blades   | |  0.1
Dodging        | |  1.7
Stealth        | |  3.0
Spellcasting   | |  2.2
Transmutations | |  1.2
Air Magic      | |  0.3
Poison Magic   | |  4.7

Action                   || total
-------------------------++-------
Melee: Unarmed           ||     6
       Dagger            ||    22
 Cast: Sting             ||     9
       Poisonous Vapours ||     9
 Abil: Spit Poison       ||     1
  Use: Scroll            ||     1
  Eat: Ration            ||     1
Armor: Robe              ||     7
Dodge: Dodged            ||    22

Table legend:
 A = Non-vault XP
 B = Vault XP
 C = Vault XP percentage of total XP
 D = Non-vault monster count
 E = Vault monster count
 F = Vault count percentage of total count
                 A         B        C        D         E       F
            +---------+---------+-------+---------+---------+-------
      Total |      63 |       0 |   0.0 |      21 |       0 |   0.0
            +---------+---------+-------+---------+---------+-------
        D:1 |      21 |       0 |   0.0 |      12 |       0 |   0.0
        D:2 |      42 |       0 |   0.0 |       9 |       0 |   0.0
            +---------+---------+-------+---------+---------+-------
